Map: Oxide LE

Players

Massa - Winner!

  • Race: Terran Terran
  • League: Platinum
  • Spawn Location: 1:00

Aladdin

  • Race: Terran Terran
  • League: Diamond
  • Spawn Location: 7:00

VOD

Have the link to the VOD?

Description

Time

  • Played on: Feb. 23, 2021, 2:01 p.m.
  • Length: 4:59
Show
View Real Time Build Order
Export as new Build Order

Massa Terran - Winner!

Build Orders:  

Get SALT Encoding   

  12  0:00  SCV  
  13  0:12  SCV  
  14  0:20  Supply Depot  
  14  0:26  SCV  
  15  0:41  SCV  
  16  0:43  Barracks  
  16  0:47  Refinery  
  16  0:53  SCV  
  17  1:06  SCV  
  18  1:18  SCV  
  19  1:31  SCV  
  20  1:34  Reaper  
  20  1:39  Command Center  
  20  1:46  Orbital Command  
  20  2:05  Supply Depot  
  20  2:07  Marine  
  21  2:12  Factory  
  21  2:14  SCV  
  22  2:32  Barracks Reactor  
  22  2:33  SCV  
  23  2:45  SCV  
  23  2:49  Refinery  
  23  2:50  Orbital Command  
  24  2:54  Supply Depot  
  24  2:55  Barracks  
  24  3:14  SCV  
  24  3:15  Barracks Tech Lab  
  24  3:17  Starport  
  29  3:20  Hellion x2  
  29  3:22  SCV  
  30  3:29  Engineering Bay  
  30  3:40  Marine  
  30  3:41  Hellion x2  
  35  3:43  Barracks Reactor  
  35  3:47  SCV x2  
  37  4:02  Hellion  
  39  4:14  SCV x2  
  39  4:15  Barracks Tech Lab  
  41  4:19  Missile Turret  
  41  4:21  Marine x2  
  43  4:26  SCV x2  
  44  4:39  Marine x2  
Show
View Real Time Build Order
Export as new Build Order

Aladdin Terran 

Build Orders: 1/1/1, 2 Factory 

Get SALT Encoding   

  12  0:01  SCV  
  13  0:13  SCV  
  14  0:22  Supply Depot  
  14  0:25  SCV  
  15  0:30  Refinery  
  15  0:44  SCV  
  15  0:46  Barracks  
  16  0:58  SCV  
  17  1:07  Refinery  
  17  1:10  SCV  
  18  1:20  Supply Depot  
  18  1:35  Marine  
  18  1:37  Factory  
  19  1:44  Orbital Command  
  19  1:53  Marine  
  20  2:12  SCV  
  20  2:13  Marine  
  22  2:21  Hellion  
  24  2:23  Starport  
  24  2:25  SCV  
  25  2:37  Barracks Reactor, SCV  
  26  2:42  Supply Depot  
  26  2:43  Hellion  
  28  2:50  SCV  
  29  3:00  Medivac  
  29  3:05  Supply Depot  
  31  3:18  SCV  
  32  3:21  Hellion x2  
  32  3:23  Barracks Tech Lab  
  36  3:28  Factory  
  36  3:30  SCV  
  37  3:36  Starport Reactor  
  37  3:42  SCV  
  38  3:55  SCV  
  39  4:01  Command Center  
  39  4:04  Barracks Tech Lab  
  39  4:09  SCV  
  40  4:15  Engineering Bay  
  40  4:17  Viking  
Tags
 
Matchup
TvT
Race
Terran
Replay Pack
Multiplayer
Spawn Locations
Cross Positions
Add a new tag
Caveats
  • Supply blocks, unpowered buildings, or Contaminate may cause inaccurate times.
  • Supply counts are checked every 10 seconds.